AoeStats
← Ramses der Barmherzige 222

Lombardia

509219087Analyzed
4v4 RM · 8d ago on Sep 25, 2026· 66m 34s· 8 players
Game mode
Random Map
Map size
Large (8 player)
Population
200
Speed
Normal
Resources
Standard
Victory
Conquest
Starting age
Dark Age
Ending age
Imperial Age
RankedLock teamsTeams togetherTeam positionsShared explorationLock speedFull tech treeHidden civsTurbo modeCheats
Victory
Defeat
🇺🇸 Malians · United States
885
+8
🇺🇸 Chinese · United States
820
+10
🇺🇸 Vietnamese · United States
795
+11
🇺🇸 Huns · United States
779
+12
775
-13
🇩🇰 Varangians · Denmark
775
-13
🇧🇷 Teutons · Brazil
646
-9
🇨🇱 Slavs · Chile
535
-6
fravIn!
0:31 Loom
14:16 Feudal Age
22:44 Castle Age
23:31 Pikeman
23:59 Gambesons
24:16 Squires
32:33 Caravan
35:04 Double-Bit Axe
35:02 Horse Collar
38:04 Imperial Age
38:16 Stone Mining
40:07 Wheelbarrow
39:28 Arson
40:25 Halberdier
42:59 Fortified Wall
43:50 Chemistry
44:41 Conscription
bastivilla.666
14:28 Feudal Age
18:07 Double-Bit Axe
18:08 Horse Collar
18:24 Gold Mining
24:08 Castle Age
24:05 Scale Mail Armor
24:11 Scale Barding Armor
24:54 Stone Mining
29:08 Chain Mail Armor
29:13 Chain Barding Armor
29:09 Forging
29:47 Bow Saw
30:19 Wheelbarrow
30:37 Pikeman
31:19 Squires
30:40 Man-at-Arms
33:01 Gold Shaft Mining
33:49 Coinage
33:57 Long Swordsman
37:57 Hand Cart
39:25 Iron Casting
43:47 Imperial Age
41:39 Loom
45:47 Two-Man Saw
45:19 Plate Mail Armor
45:49 Blast Furnace
45:25 Plate Barding Armor
45:16 Elite Boyar
45:56 Druzhina
46:03 Husbandry
45:24 Cavalier
46:14 Bloodlines
47:08 Halberdier
47:08 Two-Handed Swordsman
48:25 Druzhina
48:28 Detinets
48:00 Champion
Ramses der Barmherzige 222
1:24 Loom
12:35 Feudal Age
13:32 Horse Collar
20:32 Castle Age
18:23 Double-Bit Axe
21:15 Stone Mining
21:57 Gold Mining
22:21 Bow Saw
25:11 Stone Shaft Mining
25:27 Wheelbarrow
27:01 Town Watch
27:18 Heavy Plow
27:40 Hand Cart
29:58 Town Patrol
34:46 Imperial Age
33:39 Ballistics
34:06 Treadmill Crane
34:42 Fortified Wall
35:08 Fletching
35:28 Forging
35:19 Padded Archer Armor
35:55 Paper Money
35:09 Elite Rattan Archer
37:42 Chemistry
36:38 Murder Holes
38:17 Two-Man Saw
38:07 Bodkin Arrow
38:27 Leather Archer Armor
38:21 Scale Barding Armor
39:19 Masonry
40:27 Ring Archer Armor
41:54 Bracer
42:15 Chain Barding Armor
42:06 Thumb Ring
41:42 Elite Skirmisher
43:57 Elite Fire Lancer
44:39 Squires
47:01 Forging
46:52 Scale Mail Armor
54:47 Chatras
54:46 Imperial Skirmisher
56:25 Capped Ram
60:23 Hoardings
BlacKHazE.
14:19 Feudal Age
17:35 Double-Bit Axe
17:33 Horse Collar
19:05 Wheelbarrow
18:25 Gold Mining
18:26 Stone Mining
19:45 Arson
22:20 Castle Age
23:22 Squires
23:08 Gambesons
27:07 Heavy Plow
29:44 Fortified Wall
29:16 Treadmill Crane
30:34 Hand Cart
30:34 Bow Saw
32:16 Murder Holes
32:26 Loom
36:38 Imperial Age
34:31 Ballistics
35:34 Scale Barding Armor
35:30 Scale Mail Armor
35:40 Forging
36:14 Husbandry
36:31 Bloodlines
39:56 Two-Man Saw
39:33 Conscription
41:13 Crop Rotation
41:49 Two-Man Saw
40:56 Caravan
40:30 Elite Varangian Guard
41:04 Gothikon
41:34 Cranequins
45:41 Masonry
46:58 Chain Mail Armor
48:34 Iron Casting
skywalkeratat
0:33 Loom
14:54 Feudal Age
15:23 Double-Bit Axe
15:22 Horse Collar
18:33 Wheelbarrow
17:44 Town Watch
24:05 Castle Age
23:24 Scale Mail Armor
23:34 Forging
23:15 Fletching
23:25 Padded Archer Armor
25:06 Bow Saw
25:33 Heavy Plow
27:28 Gold Mining
27:28 Stone Mining
28:59 Hand Cart
28:45 Town Patrol
30:08 Gold Shaft Mining
31:20 Stone Shaft Mining
34:37 Imperial Age
33:00 Iron Casting
32:47 Chain Mail Armor
33:41 Caravan
34:46 Leather Archer Armor
34:27 Bodkin Arrow
35:05 Elite Fire Lancer
36:55 Two-Man Saw
35:58 Great Wall
36:19 Conscription
35:30 Elite Fire Lancer
37:15 Cavalier
37:56 Husbandry
38:09 Guard Tower
38:40 Ballistics
39:21 Chemistry
38:13 Heavy Rocket Cart
39:58 Plate Mail Armor
40:31 Arson
41:30 Bloodlines
42:38 Blast Furnace
41:52 Bracer
42:39 Keep
42:15 Masonry
43:50 Squires
46:29 Rocketry
48:09 Ring Archer Armor
47:44 Scale Barding Armor
48:14 Architecture
47:57 Fortified Wall
47:35 Elite Skirmisher
56:23 Arrowslits
56:40 Murder Holes
57:05 Bombard Tower
57:36 Capped Ram
57:42 Imperial Skirmisher
58:50 Elite Chu Ko Nu
64:50 Pikeman
micely
16:01 Feudal Age
17:17 Wheelbarrow
16:55 Horse Collar
17:12 Gold Mining
17:11 Double-Bit Axe
23:27 Bloodlines
25:04 Forging
25:00 Scale Barding Armor
27:10 Castle Age
25:56 Stone Mining
28:23 Hand Cart
28:30 Husbandry
29:24 Iron Casting
29:10 Chain Barding Armor
31:27 Gold Shaft Mining
31:07 Bow Saw
31:17 Heavy Plow
35:24 Caravan
39:48 Imperial Age
40:27 Cavalier
43:28 Paladin
45:33 Blast Furnace
51:41 Plate Barding Armor
Jimmz
10:30 Feudal Age
10:58 Double-Bit Axe
11:26 Horse Collar
16:34 Castle Age
15:00 Stone Mining
17:28 Bow Saw
19:31 Man-at-Arms
20:21 Squires
20:34 Forging
20:25 Scale Mail Armor
21:25 Gold Mining
27:14 Wheelbarrow
30:18 Imperial Age
27:38 Loom
28:09 Hand Cart
27:44 Town Watch
28:34 Chain Mail Armor
29:13 Iron Casting
28:30 Arson
28:55 Heavy Plow
29:38 Pikeman
31:26 Gold Shaft Mining
31:30 Stone Shaft Mining
31:51 Plate Mail Armor
31:27 Elite Gbeto
32:41 Conscription
32:41 Caravan
35:03 Crop Rotation
37:03 Treadmill Crane
37:56 Masonry
38:17 Fortified Wall
39:08 Town Patrol
40:12 Hoardings
41:40 Architecture
41:32 Ballistics
42:13 Chemistry
54:21 Fervor
62:20 Spies/Treason
wd40killscrabs
2:32 Loom
11:34 Feudal Age
12:20 Double-Bit Axe
14:55 Horse Collar
15:42 Gold Mining
18:18 Castle Age
17:25 Stone Mining
20:13 Stone Shaft Mining
21:02 Wheelbarrow
20:02 Crossbowman
22:57 Town Watch
27:16 Hand Cart
27:43 Heavy Plow
27:56 Bow Saw
28:14 Caravan
28:46 Padded Archer Armor
28:36 Fletching
30:18 Thumb Ring
34:10 Imperial Age
34:02 Bloodlines
33:52 Husbandry
34:15 Arbalester
34:16 Elite Skirmisher
36:10 Chemistry
34:53 Treadmill Crane
35:11 Murder Holes
35:39 Leather Archer Armor
36:46 Paper Money
37:18 Ballistics
37:50 Chatras
40:31 Two-Man Saw
40:06 Crop Rotation
40:39 Imperial Skirmisher
41:08 Elite Battle Elephant
42:45 Bodkin Arrow
43:21 Ring Archer Armor
43:02 Forging
42:53 Scale Mail Armor
42:58 Scale Barding Armor
45:27 Town Patrol
56:56 Bracer
57:12 Chain Mail Armor
57:18 Chain Barding Armor
57:33 Iron Casting
57:09 Siege Engineers
57:14 Masonry
57:26 Bombard Tower
57:16 Fortified Wall
Connection lost

Rejoining the realm…

Still unreachable

The connection could not be restored.

Session expired

The server has moved on; the page needs a fresh start.